 Dungeon Crawl Stone Soup version 0.25-a0-317-g5f8687bca5 (webtiles) character file.

Game seed: 5943701225915558397, levelgen mode: deterministic

45 Esekla the Sneak (level 3, -1/18 HPs)
             Began as a Vine Stalker Assassin on Dec 26, 2019.
             Slain by a gnoll
             ... wielding a +0 flail
              (2 damage)
             ... on level 3 of the Dungeon.
             The game lasted 00:04:32 (708 turns).

Esekla the Sneak (Vine Stalker Assassin)             Turns: 708, Time: 00:04:33

Health: -1/18      AC:  3    Str: 13    XL:     3   Next: 64%
Magic:  0/5        EV: 12    Int: 12    God:
Gold:   98         SH:  0    Dex: 15    Spells: 4/4 levels left

rFire    . . .     SeeInvis .   a - +2 dagger
rCold    . . .     Gourm    .   (no shield)
rNeg     . . .     Faith    .   b - +0 robe
rPois    .         Spirit   +   (no helmet)
rElec    .         Reflect  .   c - +0 cloak
rCorr    .         Harm     .   (no gloves)
MR       .....                  (no boots)
Stlth    +++.......             (no amulet)
HPRegen  0.06/turn              (no ring)
MPRegen  0.09/turn              (no ring)

@: no status effects
A: fangs 2, magic shield, antimagic bite, no potion heal 3, rot immunity
a: no special abilities


You were on level 3 of the Dungeon.
You were not hungry.

You visited 1 branch of the dungeon, and saw 4 of its levels.

You collected 98 gold pieces.

Inventory:

Hand Weapons
 a - a +2 dagger (weapon)
Missiles
 d - 4 poisoned darts (quivered)
 e - 2 curare-tipped darts
 o - 6 boomerangs
Armour
 b - a +0 robe (worn)
 c - a +0 cloak (worn)
Scrolls
 m - a scroll of identify {unknown}
 n - a scroll of remove curse {unknown}
 p - a scroll of noise {unknown}
Potions
 g - 4 potions of heal wounds {unknown}
 h - a potion of lignification {unknown}
 i - a potion of resistance {unknown}
 j - a potion of brilliance {unknown}
 k - a potion of haste {unknown}
 l - a potion of curing {unknown}
Comestibles
 f - 2 rations


   Skills:
 + Level 1.8 Fighting
 + Level 2.0 Short Blades
 + Level 1.9 Throwing
 + Level 1.3 Dodging
 + Level 5.5 Stealth
 * Level 1.2 Spellcasting


You had 4 spell levels left.
You didn't know any spells.
Your spell library was empty.

Dungeon Overview and Level Annotations

Branches:
Dungeon (4/15)
 Temple: D:4-7

Altars:
Nemelex Xobeh


Innate Abilities, Weirdness & Mutations

You have extremely sharp teeth.
When hurt, damage is shared between your health and your magic reserves.
Your bite disrupts and absorbs the magic of your enemies.
Potions cannot restore your health.
You are immune to rotting.


Message History

You kill the adder!
The gnoll hits you!
* * * LOW HITPOINT WARNING * * *
You see here an adder corpse.
You see here a poisoned dart.
You see here a poisoned dart.
The gnoll shouts!
Found a chain mail.
There is a stone staircase leading down here.
The gnoll misses you.
You climb downwards.
An adder, a worker ant, 4 orcs and an orc priest come into view.
The orc shouts!
Found a ration.
There is a stone staircase leading up here.
The orc priest shouts!
The orc shouts! x2
The worker ant barely misses you. The gnoll hits you.
* * * LOW HITPOINT WARNING * * *
You climb upwards.
The gnoll hits you with a +0 flail.
You die...

.### #... #....# .....
#..#####w...#
..#..####..##.......#
...#..##[.##.g###.#.#
......##..##.## #.#†#
.$.......##(##...#.#
#.#......w...$..#.#
###.###......##...#.#
####....@g...#####...#.#
#########.[.†..agg#..# #####.#
.......##.##..#.#..### ##.#
.......#..##.##.##...# #..#
.........###.##...##.# #.##
.).....#####.####.##.### #.#
(.....<......# #.##....#####.#
#######......####.###.⌠.⌠#....#
#............##.._...####


You could see a worm, a worker ant and 3 gnolls.

Vanquished Creatures
  An adder (D:3)
  A dart slug (D:1)
  4 orcs (D:3)
  4 goblins
  6 kobolds
  A ball python (D:2)
  5 bats
  3 frilled lizards
  8 rats
33 creatures vanquished.

Notes
Turn   | Place    | Note
-------+----------+-------------------------------------------
     0 | D:1      | Esekla the Vine Stalker Assassin began the quest for the
                  | Orb.
     0 | D:1      | Reached XP level 1. HP: 11/11 MP: 2/2
    88 | D:1      | Reached skill level 1 in Dodging
    97 | D:1      | Reached skill level 5 in Stealth
    97 | D:1      | Reached XP level 2. HP: 8/15 MP: 1/3
   530 | D:3      | Reached XP level 3. HP: 18/18 MP: 5/5
   537 | D:3      | Reached skill level 1 in Spellcasting
   585 | D:3      | Found a sparkling altar of Nemelex Xobeh.
   707 | D:4      | Noticed a scorpion
   708 | D:3      | Slain by a gnoll

Levels and vault maps discovered:
D:1:      mrwooster_arrival_arrow, layout_loops_cross
D:2:      layout_loops_corners
D:3:      layout_rooms, nemelex_xobeh_ov_fountains_minmay
D:4:      layout_basic, lemuel_crystal_altar, nicolae_tso_carved_into_rock,
          first_ration, gammafunk_ghost_cemetery, elyvilon_altar_3

Skill      XL: |  1  2  3 |
---------------+----------+-----
Dodging        | 1 |  1.3
Stealth        | 5 |  5.5
Short Blades   | 2 |  2.0
Spellcasting   | 1 |  1.2
Fighting       | |  1.8
Throwing       | |  1.9

Action                   || total
-------------------------++-------
Melee: Dagger            ||    71
       Bite              ||    17
Throw: Dart              ||     5
 Stab: Sleeping          ||     9
Armor: Robe              ||    20
Dodge: Dodged            ||    43

Table legend:
 A = Non-vault XP
 B = Vault XP
 C = Vault XP percentage of total XP
 D = Non-vault monster count
 E = Vault monster count
 F = Vault count percentage of total count
                 A         B        C        D         E       F
            +---------+---------+-------+---------+---------+-------
      Total |      65 |       0 |   0.0 |      33 |       0 |   0.0
            +---------+---------+-------+---------+---------+-------
        D:1 |      24 |       0 |   0.0 |      16 |       0 |   0.0
        D:2 |       7 |       0 |   0.0 |       5 |       0 |   0.0
        D:3 |      34 |       0 |   0.0 |      12 |       0 |   0.0
            +---------+---------+-------+---------+---------+-------
